 Dungeon Crawl Stone Soup version 0.28-a0-1638-g9123634e07 (webtiles) character file.

Game seed: 6523656539411560637

18032 murtidash the Cleaver (level 12, -4/97 HPs)
             Began as a Formicid Abyssal Knight on Jan 24, 2022.
             Was a High Priest of Lugonu.
             Slain by a cane toad (7 damage)
             ... on level 2 of the Lair of Beasts on Jan 25, 2022.
             The game lasted 00:34:35 (17428 turns).

murtidash the Cleaver (Formicid Abyssal Knight)    Turns: 17428, Time: 00:34:35

Health: -4/97      AC: 13    Str: 23    XL:     12   Next: 90%
Magic:  0/21       EV: 10    Int: 10    God:    Lugonu [*****.]
Gold:   654        SH:  0    Dex: 11    Spells: 11/11 levels left

rFire   . . .      SeeInvis +   b - +1 executioner's axe
rCold   . . .      Faith    .   (no shield)
rNeg    . . .      Spirit   +   w - +1 chain mail {Will+}
rPois   .          Reflect  .   (helmet unavailable)
rElec   .          Harm     .   (no cloak)
rCorr   .          Rampage  .   l - +0 pair of gloves
Will    ++...                   (no boots)
Stlth   ..........              o - amulet of guardian spirit {Spirit}
HPRegen 0.26/turn               (no ring)
MPRegen 0.17/turn               (no ring)

@: mighty, lethally poisoned (-4 -> -18)
A: permanent stasis, dig shafts and tunnels, antennae 3, four strong arms
a: Dig, Shaft Self, Renounce Religion, Depart the Abyss, Bend Space, Banish,
Corrupt, Enter the Abyss


You were on level 2 of the Lair of Beasts.
You worshipped Lugonu.
Lugonu was extremely pleased with you.
You visited 2 branches of the dungeon, and saw 12 of its levels.
You visited the Abyss 1 time.
You also visited: Sewer.

You collected 654 gold pieces.

Inventory:

Hand Weapons
 a - a +4 vampiric hand axe
   (You found it on level 4 of the Dungeon)
 b - a +1 executioner's axe (weapon)
   (You found it on level 2 of the Lair of Beasts)
 c - a +2 shortbow of flaming
   (You took it off a centaur on level 10 of the Dungeon)
 i - a +0 battleaxe
   (You took it off Harold on level 2 of the Lair of Beasts)
 p - a +1 morningstar of protection
   (You found it on level 5 of the Dungeon)
 t - a +0 war axe
   (You took it off a wight on level 9 of the Dungeon)
 u - the +5 long sword "Tucool" {holy, rN+ Int+3}
   (You found it on level 9 of the Dungeon)

   It has been blessed by the Shining One to cause great damage to the undead
   and demons.
   Int:       It affects your intelligence (+3).
   rN:        It protects you from negative energy.
 B - a +1 vorpal hand axe
   (You found it on level 6 of the Dungeon)
Missiles
 C - 131 arrows
Armour
 l - a +0 pair of gloves (worn)
   (You found it on level 7 of the Dungeon)
 w - a +1 chain mail of willpower (worn)
   (You found it on level 5 of the Dungeon)
 x - a +2 ring mail of poison resistance
   (You found it on level 5 of the Dungeon)
Magical Staves
 n - a staff of poison {rPois}
   (You found it on level 2 of the Dungeon)
 A - a staff of cold {rC+}
   (You took it off Fannar on level 10 of the Dungeon)
 F - a staff of poison {rPois}
   (You found it on level 1 of the Lair of Beasts)
Jewellery
 o - an amulet of guardian spirit (around neck) {Spirit}
   (You found it on level 3 of the Dungeon)
 s - an amulet of the acrobat
   (You took it off a hobgoblin on level 4 of the Dungeon)
 z - an amulet of faith {Faith, !P}
   (You found it on level 5 of the Dungeon)
 I - a ring of wizardry {Wiz+, !d}
   (You found it on level 2 of the Lair of Beasts)
 J - an amulet of reflection
   (You found it on level 2 of the Lair of Beasts)
Wands
 D - a wand of polymorph (6)
   (You found it on level 10 of the Dungeon)
Scrolls
 d - 5 scrolls of enchant armour
 f - a scroll of immolation {!r}
 j - 2 scrolls of vulnerability {!r!r}
 q - 2 scrolls of fog
 v - a scroll of amnesia
 y - 2 scrolls of torment {!r}
Potions
 e - 3 potions of mutation {!q}
 g - 2 potions of brilliance
 h - 4 potions of lignification {!q}
 k - 3 potions of cancellation
 m - a potion of flight {unknown}
 G - 2 potions of invisibility {unknown}
 H - a potion of ambrosia {unknown}


   Skills:
 - Level 9.7 Fighting
 * Level 14.9 Axes
 - Level 9.2 Armour
 - Level 5.8 Dodging
 - Level 12.3 Invocations


You had 11 spell levels left.
You didn't know any spells.
Your spell library contained the following spells:

 Spells                   Type           Power      Damage    Failure   Level
 Animate Skeleton         Necr           0%         N/A       92%         1
 Beastly Appendage        Tmut           0%         N/A       92%         1
 Freeze                   Ice            0%         1d3       92%         1
 Magic Dart               Conj           0%         1d3       92%         1
 Pain                     Necr           0%         1d4       92%         1
 Call Imp                 Summ           0%         N/A       98%         2
 Corpse Rot               Necr/Air       0%         N/A       98%         2
 Ensorcelled Hibernation  Hex/Ice        0%         N/A       98%         2
 Wereblood                Tmut           0%         N/A       98%         2
 Frozen Ramparts          Ice            0%         1d2       100%        3
 Lesser Beckoning         Tloc           0%         N/A       100%        3
 Mephitic Cloud           Conj/Pois/Air  0%         N/A       100%        3
 Ozocubu's Armour         Ice            0%         N/A       100%        3
 Spider Form              Tmut/Pois      0%         N/A       100%        3
 Vampiric Draining        Necr           0%         2d6       100%        3
 Anguish                  Hex/Necr       0%         N/A       100%        4
 Dispel Undead            Necr           0%         3d6       100%        4
 Hailstorm                Conj/Ice       0%         3d3       100%        4
 Manifold Assault         Tloc           0%         N/A       100%        5
 Metabolic Englaciation   Hex/Ice        0%         N/A       100%        5
 Death Channel            Necr           0%         N/A       100%        6
 Simulacrum               Ice/Necr       0%         N/A       100%        6
 Blink                    Tloc           Unusable   N/A       N/A         2

Dungeon Overview and Level Annotations

Branches:
Dungeon (10/15)            Temple (0/1) D:4            Lair (2/6) D:10
 Shoals (0/4) Lair:2        Sewer (visited)
  Snake: Lair:2-4    Spider: Lair:2-4       Orc: D:9-12

Altars:
Elyvilon
Gozag
Okawaru
Vehumet

Annotations:
Lair:2 Sonja


Innate Abilities, Weirdness & Mutations

You cannot be hasted, slowed, berserked, paralysed or teleported.
You can dig through walls and to a lower floor.
You have a pair of large antennae on your head. (SInv)
Your four strong arms can wield two-handed weapons with a shield.


Message History

You completely miss the water moccasin.
The water moccasin barely misses you. x2
You closely miss the water moccasin.
The water moccasin bites you but does no damage.
You hit the water moccasin but do no damage.
The water moccasin bites you but does no damage.
The water moccasin barely misses you.
You slash the water moccasin! The water moccasin bites you.
You take 1 damage, and have 96/97 hp.
You barely miss the water moccasin. The water moccasin bites you.
You are poisoned.
The water moccasin poisons you!
The water moccasin bites you but does no damage.
You take 1 damage, and have 95/97 hp.
You completely miss the water moccasin.
You feel very sick. The water moccasin bites you.
You are more poisoned.
The water moccasin poisons you! The water moccasin barely misses you.
You take 4 damage, and have 91/97 hp.
You barely miss the water moccasin.
You feel very sick. The water moccasin bites you!
You take 9 damage, and have 82/97 hp.
You now have 19/21 mp.
You barely miss the water moccasin.
You feel very sick.
The water moccasin bites you but does no damage.
The water moccasin closely misses you.
You take 3 damage, and have 79/97 hp.
You closely miss the water moccasin.
You feel very sick. The water moccasin bites you.
You are more poisoned.
The water moccasin poisons you! The water moccasin closely misses you.
You take 5 damage, and have 74/97 hp.
You now have 18/21 mp.
You hit the water moccasin but do no damage.
You feel very sick.
The water moccasin bites you but does no damage.
You take 5 damage, and have 69/97 hp.
You slice the water moccasin!!
You feel very sick.
The water moccasin bites you but does no damage.
A cane toad comes into view.
The water moccasin closely misses you.
You take 3 damage, and have 66/97 hp.
You barely miss the water moccasin.
You feel very sick.
The cane toad croaks.
The water moccasin bites you. The water moccasin closely misses you.
You take 5 damage, and have 61/97 hp.
You slice the water moccasin!!
You kill the water moccasin!
Lugonu accepts your kill.
You feel sick.
You take 2 damage, and have 59/97 hp.
You feel sick.
You feel sick.
A wyvern comes into view.
You take 2 damage, and have 57/97 hp.
You feel sick.
You take 1 damage, and have 56/97 hp.
You feel sick.
You take 1 damage, and have 55/97 hp.
You feel sick.
You feel sick.
You are no longer poisoned.
You take 1 damage, and have 54/97 hp.
You closely miss the cane toad. The cane toad closely misses you.
You barely miss the cane toad. The cane toad stings you!
You are poisoned.
The cane toad poisons you!
You take 5 damage, and have 49/97 hp.
You now have 17/21 mp.
You slice the cane toad!!
You feel extremely sick. The cane toad barely misses you.
The cane toad completely misses you.
You take 7 damage, and have 42/97 hp.
You hit the cane toad but do no damage.
You feel very sick. The cane toad stings you!
You take 11 damage, and have 31/97 hp.
You now have 14/21 mp.
You closely miss the cane toad.
You feel very sick. The cane toad barely misses you.
You take 3 damage, and have 28/97 hp.
You barely miss the cane toad.
You feel sick. The cane toad stings you!
* * * LOW HITPOINT WARNING * * *
The cane toad stings you!
* * * LOW HITPOINT WARNING * * *
You are lethally poisoned!
The cane toad poisons you!
You take 14 damage, and have 14/97 hp.
You now have 7/21 mp.
You feel very mighty all of a sudden.
* * * LOW HITPOINT WARNING * * *
You feel very sick. The cane toad barely misses you.
You take 6 damage, and have 8/97 hp.
You slash the cane toad!
* * * LOW HITPOINT WARNING * * *
You feel very sick. The cane toad stings you!
You die...

≈≈≈.......P#.## #..#.......#.@.#
≈≈≈P..........# #..##Y.....#..##
≈≈P...........####. #..≈##..#Y.#
≈P........(..###.#Y #..###..†.##
≈≈...........###.# #..# #.)#.#
≈≈≈≈........###..## #..###.(#.#
≈P≈≈..............# #..##†..#..
≈≈≈≈.....#####...###...........#
P≈P....## ##.@# ##.......#.##
#..... ##F# #$........# ....#
#.## ###.#.#.#.# ## ##..#
......... #...###..P#..## ##
##.........# #>#.#.#.#.#
#........ ##.#.#.#.#


You could see a cane toad.

Vanquished Creatures
  Gastronok (D:10)
  Harold (Lair:2)
  Fannar (D:10)
  A hydra (Lair:1)
  A centaur warrior (D:10)
  A black mamba (Lair:1)
  A cane toad (Lair:2)
  An unseen horror (D:8)
  2 komodo dragons (Lair:1)
  A rime drake (Lair:2)
  2 polar bears
  Prince Ribbit (D:8)
  A snapping turtle (Lair:2)
  7 blink frogs
  A wraith (D:10)
  3 wyverns
  3 basilisks (Lair:1)
  15 yaks
  A steam dragon (D:9)
  2 acid dragons
  5 water moccasins
  An ice beast (D:4)
  A necrophage (D:5)
  2 sky beasts (D:7)
  6 ogres
  A black bear (D:6)
  6 wolves (Lair:1)
  2 centaurs (D:10)
  3 phantoms (D:5)
  A kobold brigand (D:9)
  5 bullfrogs
  2 water moccasin zombies
  A scorpion (D:7)
  2 gnoll sergeants
  2 wyvern skeletons (D:7)
  12 wights
  An electric eel (Lair:2)
  3 howler monkeys (D:8)
  4 centaur zombies
  3 hounds
  2 bullfrog zombies
  8 jellies
  An orc priest (D:9)
  2 iguanas
  8 orc wizards
  Robin (D:3)
  11 gnolls
  5 adders
  2 shadow imps
  2 white imps
  2 ufetubi
  7 worms
  3 dart slugs
  31 orcs
  8 ball pythons
  15 endoplasms
  5 giant cockroaches
  15 goblins
  6 hobgoblins
  2 jackals (D:4)
  8 kobolds
  5 quokkas
  5 bats
  8 frilled lizards
  9 rats
281 creatures vanquished.

Vanquished Creatures (others)
  A butterfly (D:7)
  5 fungi
  23 plants
29 creatures vanquished.

Grand Total: 310 creatures vanquished

Notes
Turn   | Place    | Note
-------+----------+-------------------------------------------
     0 | Abyss:1  | murtidash the Formicid Abyssal Knight began the quest for
                  | the Orb.
     0 | Abyss:1  | Reached XP level 1. HP: 18/18 MP: 2/2
    14 | Abyss:1  | Found a corrupted altar of Lugonu.
    18 | D:1      | Escaped the Abyss
   499 | D:1      | Reached XP level 2. HP: 22/24 MP: 3/3
   725 | D:1      | Reached skill level 3 in Invocations
   725 | D:1      | Reached XP level 3. HP: 6/29 MP: 5/5
  1058 | D:1      | Reached ** piety under Lugonu
  1496 | D:1      | Reached skill level 3 in Axes
  2208 | D:2      | Upgraded the game from 0.28-a0-1629-gf728b707aa to
                  | 0.28-a0-1638-g9123634e07
  2219 | D:2      | Reached XP level 4. HP: 35/35 MP: 6/6
  2312 | D:2      | Found a faded altar of an unknown god.
  2422 | D:3      | Noticed Robin
  2438 | D:3      | Killed Robin
  2454 | D:3      | Reached skill level 4 in Invocations
  2788 | D:3      | Reached XP level 5. HP: 27/41 MP: 8/8
  3404 | D:3      | Noticed an ogre
  3414 | D:3      | HP: 8/61 [ogre (5)]
  3415 | D:3      | Reached skill level 9 in Axes
  3415 | D:3      | Reached skill level 11 in Invocations
  3415 | D:3      | Reached XP level 6. HP: 9/47 MP: 2/14
  3425 | D:3      | HP: 6/47 [ogre (14)]
  3427 | D:3      | Killed an ogre
  3981 | D:4      | Noticed an ice beast
  4002 | D:4      | Killed an ice beast
  4002 | D:4      | Reached *** piety under Lugonu
  4003 | D:4      | Reached XP level 7. HP: 21/52 MP: 6/15
  4414 | D:4      | Found a glowing drain.
  4429 | Sewer    | Entered a sewer
  4869 | Sewer    | Found a viscous altar of Jiyva.
  5207 | Sewer    | Reached skill level 5 in Fighting
  5207 | Sewer    | Reached skill level 10 in Axes
  5207 | Sewer    | Reached skill level 6 in Armour
  5207 | Sewer    | Reached skill level 4 in Dodging
  5207 | Sewer    | Reached skill level 12 in Invocations
  5207 | Sewer    | Reached XP level 8. HP: 62/62 MP: 15/17
  5208 | Sewer    | Reached skill level 8 in Fighting
  5208 | Sewer    | Reached skill level 7 in Armour
  5208 | Sewer    | Reached skill level 5 in Dodging
  5208 | Sewer    | Reached XP level 9. HP: 74/74 MP: 15/18
  5331 | D:4      | Reached **** piety under Lugonu
  5576 | D:4      | Found a staircase to the Ecumenical Temple.
  5973 | D:5      | Entered Level 5 of the Dungeon
  6007 | D:5      | Found a radiant altar of Vehumet.
  6028 | D:5      | Found an opulent altar of Gozag.
  7280 | D:6      | Reached XP level 10. HP: 66/78 MP: 15/19
  7805 | D:6      | Reached skill level 11 in Axes
  9117 | D:7      | Found a white marble altar of Elyvilon.
  9728 | D:8      | Noticed an unseen horror
  9744 | D:8      | Killed an unseen horror
  9745 | D:8      | Reached skill level 12 in Axes
 10008 | D:8      | Reached ***** piety under Lugonu
 10544 | D:8      | Found an iron altar of Okawaru.
 10653 | D:8      | Noticed Prince Ribbit
 10668 | D:8      | Killed Prince Ribbit
 10669 | D:8      | Reached XP level 11. HP: 77/86 MP: 15/20
 10997 | D:9      | Identified the +5 long sword "Tucool" {holy, rN+ Int+3}
 11359 | D:9      | HP: 13/85 [acid dragon (5)]
 12148 | D:10     | Entered Level 10 of the Dungeon
 12273 | D:10     | Reached skill level 13 in Axes
 12312 | D:10     | Noticed Gastronok
 12349 | D:10     | Killed Gastronok
 12563 | D:10     | Noticed Fannar
 12589 | D:10     | Killed Fannar
 12773 | D:10     | Noticed a centaur warrior
 12796 | D:10     | Killed a centaur warrior
 12797 | D:10     | Reached skill level 8 in Armour
 13483 | D:10     | Found a staircase to the Lair.
 13491 | Lair:1   | Entered Level 1 of the Lair of Beasts
 13668 | Lair:1   | Reached XP level 12. HP: 94/94 MP: 21/21
 13789 | Lair:1   | HP: 10/94 [komodo dragon (18)]
 14176 | Lair:1   | Noticed a four-headed hydra
 14222 | Lair:1   | Killed a four-headed hydra
 14223 | Lair:1   | Reached skill level 9 in Fighting
 14477 | Lair:1   | Reached skill level 14 in Axes
 15144 | Lair:2   | Noticed Sonja
 15160 | Lair:1   | Reached skill level 9 in Armour
 15553 | Lair:2   | Noticed a seven-headed hydra
 15553 | Lair:2   | Noticed an eight-headed hydra
 15553 | Lair:2   | Noticed Harold
 15583 | Lair:1   | HP: 19/96 [poisoned by a black mamba]
 15590 | Lair:1   | HP: 14/96 [black mamba (7)]
 15595 | Lair:1   | HP: 14/96 [black mamba (9)]
 16490 | Lair:2   | Found a staircase to the Shoals.
 16512 | Lair:2   | HP: 8/97 [snapping turtle (18)]
 16520 | Lair:2   | HP: 7/97 [snapping turtle (15)]
 17123 | Lair:2   | Killed Harold
 17131 | Lair:2   | Noticed an eight-headed hydra
 17147 | Lair:2   | Banished an eight-headed hydra
 17426 | Lair:2   | HP: 14/97 [cane toad (6)]
 17428 | Lair:2   | HP: 3/97 [poisoned by a cane toad]
 17428 | Lair:2   | Slain by a cane toad

Illustrated notes

Levels and vault maps discovered:
D:1:      kennysheep_arrival_forest, layout_loops_corners, minmay_hexomino_f4
D:2:      layout_basic, shapermc_ecumenical_altar_mp_urbaneastern,
          nicolae_figureground_pulse
D:3:      layout_loops_ring, uniq_robin
D:4:      layout_loops_ring, minmay_temple_entry_junction_2,
          cheibrodos_sewer_entry_sluice, grunt_ministairs_10
D:5:      layout_loops_ring, jmf_multi_god_temple
D:6:      minmay_bubble_buster, layout_basic
D:7:      layout_loops_ring, nicolae_elyvilon_peaceful_grove
D:8:      layout_basic, lemuel_round_altar, uniq_prince_ribbit1
D:9:      layout_roguey
D:10:     layout_irregular_city, lair_entry_dummy, grunt_ministairs_8,
          uniq_gastronok, uniq_fannar
Lair:1:   layout_regular_city
Lair:2:   layout_cave_pods, minmay_shoals_entry_hut, st_stairs_9,
          nicolae_quartered_pool_little, hangedman_lair_generics_rect,
          serial_bayou_shore_a, uniq_sonja, uniq_harold

Skill      XL: |  1  2  3  4  5  6  7  8  9 10 11 12 |
---------------+-------------------------------------+-----
Invocations    | 3 4 11 12 | 12.3
Axes           | 3 9 10 12 13 14 | 14.9
Fighting       | 5 8 9 |  9.7
Armour         | 6 7 8 9 |  9.2
Dodging        | 4 5 |  5.8

Action                   |  1- 3 |  4- 6 |  7- 9 | 10-12 || total
-------------------------+-------+-------+-------+-------++-------
Melee: Hand axe          |   118 |   138 |   264 |   885 ||  1405
       Punch             |       |     1 |     5 |    21 ||    27
       Morningstar       |       |       |    12 |    28 ||    40
       Executioner's axe |       |       |       |    24 ||    24
 Fire: Shortbow          |       |       |       |    12 ||    12
Invok: Bend Space        |       |     1 |       |     1 ||     2
       Banish            |       |       |       |     1 ||     1
  Use: Potion            |       |     6 |     2 |     9 ||    17
       Scroll            |       |       |       |    25 ||    25
Armor: Leather armour    |    24 |       |       |       ||    24
       Chain mail        |    31 |    56 |    82 |   303 ||   472
       Skin              |       |     2 |       |       ||     2
Dodge: Dodged            |    70 |    31 |    92 |   362 ||   555

Table legend: (Time is in decaauts)
 A = Elapsed time spent in this place.
 B = Non-inter-level travel time spent in this place.
 C = Inter-level travel time spent in this place.
 D = Time resting spent in this place.
 E = Time spent auto-exploring this place.
 F = Levels seen in this place.
 G = Mean time per level.
                   A        B        C        D        E       F      G
               +--------+--------+--------+--------+--------+-----+--------+
         Total |  17163 |  16716 |    447 |   2468 |  11143 |  14 | 1225.9 |
       Dungeon |  12456 |  12092 |    364 |    697 |   9410 |  10 | 1245.6 |
          Lair |   3843 |   3760 |     83 |   1399 |   1461 |   2 | 1921.5 |
         Abyss |     18 |     18 |      0 |      0 |     14 |   1 |   18.0 |
         Sewer |    846 |    846 |      0 |    372 |    258 |   1 |  846.0 |
               +--------+--------+--------+--------+--------+-----+--------+

Top non-repeatable levels by time:
  Lair:1: 2254 daAuts
     D:1: 1747 daAuts
  Lair:2: 1589 daAuts
     D:3: 1488 daAuts
     D:4: 1446 daAuts
    D:10: 1299 daAuts
     D:5: 1284 daAuts
     D:6: 1273 daAuts
     D:9: 1243 daAuts
     D:8: 1171 daAuts
   Sewer: 846 daAuts
     D:7: 834 daAuts
     D:2: 667 daAuts
 Abyss:1: 18 daAuts

Table legend:
 A = Kills in this place as a percentage of kills in entire the game.
 B = Kills by you in this place as a percentage of kills by you in the entire game.
 C = Kills by friends in this place as a percentage of kills by friends in the entire game.
 D = Other kills in this place as a percentage of other kills in the entire game.
 E = Experience gained in this place as a percentage of experience gained in the entire game.
 F = Experience gained in this place divided by the number of levels of this place that you have seen.
                   A       B       C       D       E      F
               +-------+-------+-------+-------+-------+----------------------
         Total | 100.0 | 100.0 |   N/A | 100.0 | 100.0 | 1675.9
       Dungeon |  77.7 |  77.9 |   N/A |   0.0 |  54.5 | 1278.8
          Lair |  14.2 |  13.9 |   N/A | 100.0 |  44.8 | 5253.5
         Sewer |   8.2 |   8.2 |   N/A |   0.0 |   0.7 | 167.0
               +-------+-------+-------+-------+-------+----------------------
